 Dungeon Crawl Stone Soup version 0.27-a0-1184-ge86db4a01e (webtiles) character file.

Game seed: 9655395322669263538

3540 avis the Cleaver (level 10, -4/86 HPs)
             Began as a Hill Orc Monk on May 16, 2021.
             Was a Priest of Beogh.
             Hit by a large rock thrown by a cyclops (23 damage)
             ... on level 8 of the Dungeon on May 18, 2021.
             The game lasted 00:46:32 (9705 turns).

avis the Cleaver (Hill Orc Monk)                    Turns: 9705, Time: 00:46:32

Health: -4/86      AC: 10    Str: 18    XL:     10   Next: 8%
Magic:  15/15      EV: 11    Int: 10    God:    Beogh [***...]
Gold:   184        SH:  0    Dex: 25    Spells: 9/9 levels left

rFire    + . .     SeeInvis .   a - +0 hand axe (elec)
rCold    . . .     Faith    .   (no shield)
rNeg     . . .     Spirit   .   I - +1 scale mail {rF+}
rPois    .         Reflect  .   G - +1 helmet
rElec    .         Harm     .   (no cloak)
rCorr    .         Rampage  .   (no gloves)
Will     .....                  (no boots)
Stlth    +.........             (no amulet)
HPRegen  0.24/turn              n - +6 ring of dexterity
MPRegen  0.14/turn              q - +6 ring of dexterity

@: no status effects
A: no striking features
a: Renounce Religion, Smiting


You were on level 8 of the Dungeon.
You worshipped Beogh.
Beogh was most pleased with you.
You visited 2 branches of the dungeon, and saw 9 of its levels.

You collected 385 gold pieces.
You spent 201 gold pieces at shops.

Inventory:

Hand Weapons
 a - a +0 hand axe of electrocution (weapon)
 b - a +0 hunting sling
 c - a +0 shortbow
 w - a +1 flail of protection
 x - a +0 hand crossbow
 y - a +0 spear
 H - a +2 dagger of venom
 J - a +1 short sword of electrocution
 M - a +1 dagger of draining
 Q - a +0 shortbow
 S - a -2 vampiric spear
Missiles
 e - 213 stones
 i - 58 arrows
 j - 5 boomerangs
 l - 21 poisoned darts (quivered)
 F - 50 bolts
 K - 10 javelins
 L - 84 sling bullets
Armour
 D - a +0 leather armour of positive energy
 G - a +1 helmet (worn)
 I - a +1 scale mail of fire resistance (worn)
 R - a +0 pair of boots
Jewellery
 d - a ring of protection from cold
 n - a +6 ring of dexterity (left hand)
 q - a +6 ring of dexterity (right hand)
 t - a ring of protection from fire
 B - an amulet of reflection
Wands
 h - a wand of iceblast (12)
 N - a wand of digging (5)
Scrolls
 k - 3 scrolls of noise {unknown}
 o - a scroll of vulnerability {unknown}
 p - 3 scrolls of teleportation {unknown}
 r - a scroll of identify
 s - a scroll of blinking {unknown}
 v - a scroll of immolation {unknown}
 z - a scroll of enchant weapon
 P - 2 scrolls of amnesia
Potions
 f - a potion of cancellation
 g - 2 potions of heal wounds
 m - 2 potions of magic
 u - 2 potions of resistance {unknown}
 A - a potion of brilliance {unknown}
 C - 8 potions of curing
 E - a potion of mutation {unknown}
 O - a potion of haste {unknown}


   Skills:
 * Level 7.0 Fighting
 - Level 14.0 Axes
 - Level 5.0 Armour
 - Level 2.4 Dodging
 - Level 1.5 Stealth
 + Level 7.4 Invocations


You had 9 spell levels left.
You didn't know any spells.
Your spell library was empty.

Dungeon Overview and Level Annotations

Branches:
Dungeon (8/15)             Temple (1/1) D:6
   Lair: D:8-11

Altars:
Gozag
Hepliaklqana
Kikubaaqudgha
Nemelex Xobeh
Qazlal
Uskayaw
Vehumet
Xom
The Shining One

Shops:
D:2 [   D:6 *


Message History

Aim: a cyclops, quivering large rocks (heavily wounded, extremely poisoned, 88% to hit)
You throw a poisoned dart. The poisoned dart hits the cyclops.
The cyclops is heavily wounded.
The cyclops throws a large rock.
The large rock closely misses you.
Throw: 26 darts (poison)
Press: ? - help, Q - select action, (/) - cycle Shift-Dir - straight line, f/p - cyclops
Aim: a cyclops, quivering large rocks (heavily wounded, extremely poisoned, 88% to hit)
You throw a poisoned dart. The poisoned dart hits the cyclops.
The cyclops looks as sick as possible!
The cyclops is heavily wounded.
The cyclops throws a large rock.
The large rock hits you!
Throw: 25 darts (poison)
Press: ? - help, Q - select action, (/) - cycle Shift-Dir - straight line, f/p - cyclops
Aim: a cyclops, quivering large rocks (heavily wounded, extremely poisoned, 88% to hit)
You throw a poisoned dart. The poisoned dart hits the cyclops.
The cyclops looks as sick as possible!
The cyclops is heavily wounded.
The cyclops throws a large rock.
The large rock closely misses you.
Throw: 24 darts (poison)
Press: ? - help, Q - select action, (/) - cycle Shift-Dir - straight line, f/p - cyclops
Aim: a cyclops, quivering large rocks (heavily wounded, extremely poisoned, 88% to hit)
You throw a poisoned dart. The poisoned dart hits the cyclops.
The cyclops looks as sick as possible!
The cyclops is heavily wounded.
Throw: 23 darts (poison)
Press: ? - help, Q - select action, (/) - cycle Shift-Dir - straight line, f/p - cyclops
Aim: a cyclops, quivering large rocks (heavily wounded, extremely poisoned, 88% to hit)
You throw a poisoned dart. The poisoned dart hits the cyclops.
The cyclops is heavily wounded.
The cyclops throws a large rock.
The large rock barely misses you.
Throw: 22 darts (poison)
Press: ? - help, Q - select action, (/) - cycle Shift-Dir - straight line, f/p - cyclops
Aim: a cyclops, quivering large rocks (heavily wounded, extremely poisoned, 88% to hit)
You throw a poisoned dart. The poisoned dart hits the cyclops.
The cyclops looks as sick as possible!
The cyclops is heavily wounded.
The cyclops throws a large rock.
The large rock hits you!!
* * * LOW HITPOINT WARNING * * *
The cyclops throws a large rock.
The large rock hits you!!
You die...

..###.....######
#.........†......
##...............
##..###...###...
##..# #...# #... #
#...###...###g.. #
###............... ##
##.................
.#
###.@................
.#
#...##...###...###...
.## #C..####..# #...#
#... ..# #((.###
#..###...###... .##
#(.##
##.............. ##
.(.
###............... #
.#
###.................
#......÷###...###...
#.......# #...# #...


You could see a cyclops (extremely poisoned).

Vanquished Creatures
  An unseen horror (D:8)
  Sigmund (D:4)
  Grum (D:8)
  Edmund (D:4)
  3 water moccasins
  A sky beast (D:7)
  A black bear (D:5)
  An ogre (D:6)
  3 wolves (D:8)
  A necrophage (D:4)
  2 centaurs
  A kobold brigand (D:8)
  2 phantoms
  2 scorpions (D:6)
  3 bullfrogs
  A wyvern zombie (D:8)
  A wyvern skeleton (D:7)
  9 killer bees (D:8)
  A centaur zombie (D:7)
  2 howler monkeys
  3 hounds (D:6)
  2 centaur skeletons (D:6)
  A gnoll shaman (D:6)
  A jelly (D:7)
  3 iguanas
  An orc wizard (D:3)
  Natasha (thrice) (D:2)
  A killer bee zombie (D:4)
  Robin (D:4)
  9 adders
  4 gnolls
  A white imp (D:7)
  An ufetubus (D:4)
  A worm (D:2)
  A dart slug (D:4)
  10 orcs
  3 ball pythons
  3 endoplasms
  A giant cockroach (D:4)
  11 goblins
  9 hobgoblins
  8 jackals
  9 kobolds
  2 bats
  4 frilled lizards
  5 rats
136 creatures vanquished.

Vanquished Creatures (collateral kills)
  A hound (D:7)
  2 orcs (D:7)
3 creatures vanquished.

Vanquished Creatures (others)
  4 orcs
4 creatures vanquished.

Grand Total: 143 creatures vanquished

Notes
Turn   | Place    | Note
-------+----------+-------------------------------------------
     0 | D:1      | avis the Hill Orc Monk began the quest for the Orb.
     0 | D:1      | Reached XP level 1. HP: 19/19 MP: 1/1
    11 | D:1      | Found a faded altar of an unknown god.
   351 | D:1      | Reached XP level 2. HP: 26/26 MP: 2/2
   482 | D:1      | Reached skill level 5 in Axes
  1238 | D:2      | Reached XP level 3. HP: 16/31 MP: 3/3
  1651 | D:2      | Reached skill level 6 in Axes
  1705 | D:2      | Noticed Natasha
  1711 | D:2      | Killed Natasha
  1712 | D:2      | Reached XP level 4. HP: 39/39 MP: 4/4
  1801 | D:2      | Noticed Natasha
  1818 | D:2      | Killed Natasha
  1819 | D:2      | Reached skill level 7 in Axes
  2127 | D:2      | Found an opulent altar of Gozag.
  2127 | D:2      | Noticed Natasha
  2135 | D:2      | Killed Natasha
  2136 | D:2      | Reached XP level 5. HP: 38/45 MP: 5/5
  2402 | D:2      | Found Xafral's Armour Emporium.
  2405 | D:2      | Bought a +0 chain mail for 63 gold pieces
  2555 | D:3      | Became a worshipper of Beogh the Brigand
  2555 | D:3      | Reached * piety under Beogh
  2555 | D:3      | Reached ** piety under Beogh
  2673 | D:3      | Reached skill level 8 in Axes
  3040 | D:3      | Found a sparkling altar of Nemelex Xobeh.
  3209 | D:4      | Noticed a phantom
  3217 | D:4      | Noticed Sigmund
  3231 | D:3      | Killed a phantom
  3232 | D:3      | Reached XP level 6. HP: 41/51 MP: 6/6
  3296 | D:4      | Killed Sigmund
  3297 | D:4      | Reached skill level 9 in Axes
  3368 | D:4      | Reached skill level 10 in Axes
  3368 | D:4      | Reached XP level 7. HP: 49/57 MP: 7/7
  3563 | D:4      | Noticed Robin
  3580 | D:4      | Killed Robin
  3780 | D:4      | Reached skill level 11 in Axes
  4198 | D:5      | Entered Level 5 of the Dungeon
  4270 | D:5      | Noticed Edmund
  4309 | D:4      | Killed Edmund
  4496 | D:5      | Reached XP level 8. HP: 66/66 MP: 8/8
  4542 | D:5      | Reached *** piety under Beogh
  4543 | D:5      | Reached skill level 12 in Axes
  4778 | D:5      | Found an ancient bone altar of Kikubaaqudgha.
  5144 | D:5      | Found a hazy altar of Hepliaklqana.
  5144 | D:5      | Found a radiant altar of Vehumet.
  5145 | D:5      | Found a stormy altar of Qazlal.
  5208 | D:5      | Found a shimmering altar of Xom.
  5802 | D:6      | Reached skill level 5 in Fighting
  5970 | D:6      | Found Dyufevun's Assorted Antiques.
  5978 | D:6      | Bought a runed hand axe for 138 gold pieces
  6035 | D:6      | Reached skill level 13 in Axes
  6257 | D:6      | Reached skill level 1 in Armour
  6257 | D:6      | Reached skill level 1 in Invocations
  6870 | D:6      | Found a staircase to the Ecumenical Temple.
  6876 | Temple   | Entered the Ecumenical Temple
  7063 | D:6      | Upgraded the game from 0.27-a0-1158-gaa87e14f67 to
                  | 0.27-a0-1177-g245c70e1c0
  7214 | D:7      | Reached XP level 9. HP: 74/74 MP: 10/10
  8016 | D:7      | Upgraded the game from 0.27-a0-1177-g245c70e1c0 to
                  | 0.27-a0-1184-ge86db4a01e
  8330 | D:8      | Found a hide-covered altar of Uskayaw.
  8387 | D:8      | Found a glowing golden altar of the Shining One.
  8570 | D:8      | Reached skill level 5 in Armour
  8827 | D:8      | Killed an unseen horror
  8828 | D:8      | Reached skill level 14 in Axes
  8828 | D:8      | Reached skill level 5 in Invocations
  9364 | D:8      | Noticed Grum
  9373 | D:8      | Reached XP level 10. HP: 50/84 MP: 15/15
  9549 | D:8      | Killed Grum
  9687 | D:8      | Noticed a cyclops
  9705 | D:8      | Hit by a large rock thrown by a cyclops

Illustrated notes

Levels and vault maps discovered:
D:1:      eino_arrival_water_cross, layout_basic, ebering_ecumenical_altar_mist
D:2:      layout_loops_corners, basic_altar, serial_shops,
          nicolae_shop_behind_doors, uniq_natasha
D:3:      layout_rooms, lemuel_coloured_pillars_altar, grunt_ministairs_10,
          kennysheep_generic_room_10
D:4:      layout_gridville, uniq_sigmund, uniq_robin
D:5:      layout_layer_cave, amcnicky_altar_gilded,
          nicolae_overflow_quartered_altars, uniq_edmund
D:6:      layout_layer_cave, minmay_temple_entry_fiery, serial_shops, shop
D:7:      layout_cave_pools
D:8:      layout_cave_pods, kennysheep_little_box,
          nicolae_overflow_hidden_temple, kennysheep_boxes, uniq_grum
Temple:   nicolae_temple_figure_eight

Skill      XL: |  1  2  3  4  5  6  7  8  9 10 |
---------------+-------------------------------+-----
Axes           | 5 6 7 8 10 11 13 14 | 14.0
Fighting       | 4 5 6 7 |  7.0
Armour         | 2 5 |  5.0
Invocations    | 2 7 |  7.4
Dodging        | |  2.4
Stealth        | |  1.5

Action                   |  1- 3 |  4- 6 |  7- 9 | 10-12 || total
-------------------------+-------+-------+-------+-------++-------
Melee: Hand axe          |   100 |    88 |   335 |    14 ||   537
 Fire: Hunting sling     |    43 |    27 |    11 |       ||    81
Throw: Dart              |     6 |    10 |    16 |    16 ||    48
       Boomerang         |       |       |     3 |     1 ||     4
Invok: Convert to Beogh  |       |     1 |       |       ||     1
       Smiting           |       |       |     2 |       ||     2
  Use: Scroll            |     4 |       |     2 |       ||     6
       Potion            |       |       |     3 |       ||     3
Armor: Plate armour      |    83 |     7 |       |       ||    90
       Chain mail        |       |    32 |    28 |       ||    60
       Scale mail        |       |       |   104 |     2 ||   106
Dodge: Dodged            |    21 |    28 |   136 |     9 ||   194

Table legend: (Time is in decaauts)
 A = Elapsed time spent in this place.
 B = Non-inter-level travel time spent in this place.
 C = Inter-level travel time spent in this place.
 D = Time resting spent in this place.
 E = Time spent auto-exploring this place.
 F = Levels seen in this place.
 G = Mean time per level.
                   A        B        C        D        E       F      G
               +--------+--------+--------+--------+--------+-----+--------+
         Total |   9603 |   9013 |    590 |   2142 |   4866 |   9 | 1067.0 |
       Dungeon |   9581 |   8991 |    590 |   2142 |   4866 |   8 | 1197.6 |
        Temple |     22 |     22 |      0 |      0 |      0 |   1 |   22.0 |
               +--------+--------+--------+--------+--------+-----+--------+

Top non-repeatable levels by time:
     D:2: 1572 daAuts
     D:6: 1556 daAuts
     D:8: 1440 daAuts
     D:5: 1262 daAuts
     D:4: 1114 daAuts
     D:1: 939 daAuts
     D:7: 893 daAuts
     D:3: 801 daAuts
  Temple: 22 daAuts
